 Dungeon Crawl Stone Soup version 0.31.0-12-g77e489cdc1 (webtiles) character file.

Game seed: 4045481591748855502

60 James the Digger (level 3, -5/20 HPs)
             Began as a Deep Elf Earth Elementalist on Feb 11, 2024.
             Killed by nerve-wracking pain
             ... invoked by Grinder
              (13 damage)
             ... on level 3 of the Dungeon.
             The game lasted 00:07:27 (1778 turns).

James the Digger (Deep Elf Earth Elementalist)      Turns: 1778, Time: 00:07:27

Health: -5/20      AC:  2    Str:  5    XL:     3   Next: 82%
Magic:  4/10       EV: 18    Int: 21    God:
Gold:   118        SH:  0    Dex: 15    Spells: 5/9 levels left

rFire   . . .        a - +0 dagger (venom)
rCold   . . .        (no shield)
rNeg    . . .        r - +0 robe
rPois   .            (no helmet)
rElec   .            (no cloak)
rCorr   .            (no gloves)
SInv    .            (no boots)
Will    .....        (no amulet)
Stlth   ++           F - +5 ring of evasion
HPRegen 0.23/turn    (no ring)
MPRegen 0.12/turn

%: no passive effects
@: no status effects
A: no striking features
a: no special abilities


You were on level 3 of the Dungeon.
You visited 1 branch of the dungeon, and saw 3 of its levels.

You collected 118 gold pieces.

Inventory:

Hand Weapons
 a - a +0 dagger of venom (weapon)
   (You took it off a kobold on level 1 of the Dungeon)
 b - a +0 short sword
   (You took it off a kobold on level 1 of the Dungeon)
 f - a +0 dagger
   (You took it off a goblin on level 1 of the Dungeon)
 u - a +0 sling
   (You found it on level 1 of the Dungeon)
Missiles
 d - 10 poisoned darts
 g - 21 stones
 D - 3 datura-tipped darts
Armour
 k - a +0 scale mail
   (You found it on level 1 of the Dungeon)
 q - a +0 ring mail
   (You found it on level 1 of the Dungeon)
 r - a +0 robe (worn)
 t - a +0 leather armour
   (You found it on level 1 of the Dungeon)
 z - a +0 chain mail
   (You found it on level 2 of the Dungeon)
 A - a +0 ring mail
   (You found it on level 2 of the Dungeon)
 B - a +0 robe
   (You found it on level 2 of the Dungeon)
 C - a +0 ring mail
   (You found it on level 3 of the Dungeon)
 E - a +0 ring mail
   (You found it on level 3 of the Dungeon)
Jewellery
 F - a +5 ring of evasion (left hand)
   (You found it on level 3 of the Dungeon)
Scrolls
 c - 3 scrolls of enchant weapon {unknown}
 i - 2 scrolls of teleportation {unknown}
 l - a scroll of revelation {unknown}
 m - 2 scrolls of fear {unknown}
 o - a scroll of immolation {unknown}
 p - a scroll of enchant armour {unknown}
 s - a scroll of torment {unknown}
 w - a scroll of acquirement {unknown}
 x - 3 scrolls of identify {unknown}
 y - a scroll of amnesia {unknown}
Potions
 e - a potion of curing {unknown}
 h - 4 potions of brilliance {unknown}
 j - a potion of magic
 n - a potion of degeneration {unknown}
 v - a potion of lignification {unknown}


   Skills:
 + Level 1.1 Fighting
 - Level 3.0 Dodging
 - Level 2.4 Stealth
 + Level 3.6 Spellcasting
 - Level 1.1 Conjurations
 * Level 4.2 Earth Magic


You had 5 spell levels left.
You knew the following spells:

 Your Spells              Type           Power      Damage    Failure   Level
a - Sandblast             Erth           42%        2d11      2%          1
x - Stone Arrow           Conj/Erth      30%        3d8       12%         3

Your spell library contained the following spells:

 Spells                   Type           Power      Damage    Failure   Level
 Passwall                 Erth           21%        N/A       6%          3
 Inner Flame              Hex/Fire       3%         N/A       36%         3
 Brom's Barrelling Bould  Conj/Erth      15%        2d4       38%         4
 Petrify                  Alch/Erth      12%        N/A       45%         4
 Flame Wave               Conj/Fire      6%         2d5       69%         4
 Sticky Flame             Fire/Alch      3%         2d4       77%         4


Dungeon Overview and Level Annotations

Branches:
Dungeon (3/15)

Altars:

Shops:
D:2 =

Annotations:
D:3 Grinder


Message History

Found 68 gold pieces.
Found a roughly hewn altar of Beogh.
The orc priest calls down the wrath of Beogh upon you.
Beogh smites you!
Ouch! That really hurt!
* * * LOW HITPOINT WARNING * * *
There is a stone staircase leading up here.
You climb upwards.
There is a stone staircase leading down here.
There is an open door here.
There is a stone staircase leading down here.
You start resting.
You climb downwards.
There is a stone staircase leading up here.
Found 8 gold pieces.
Grinder and a giant cockroach come into view.
Grinder shouts!
Press: ? - help, Shift-Dir - straight line, f - Grinder
Aim: Grinder (81% to hit)
The blast of sand hits Grinder!
Grinder blinks!
Press: ? - help, Shift-Dir - straight line, f/p - Grinder
Aim: Grinder (moderately wounded, 81% to hit)
You miscast Sandblast.
You are very lightly contaminated with residual magic.
Nothing appears to happen.
Grinder blinks!
Press: ? - help, Shift-Dir - straight line, f/p - Grinder
Aim: Grinder (moderately wounded, 81% to hit)
The blast of sand hits Grinder!
Grinder completely misses you.
Press: ? - help, Shift-Dir - straight line, f/p - Grinder
Aim: Grinder (heavily wounded, 81% to hit)
The blast of sand hits Grinder!
Grinder hits you!
You writhe in agony.
* * * LOW HITPOINT WARNING * * *
Press: ? - help, Shift-Dir - straight line, f/p - Grinder
Aim: Grinder (severely wounded, 81% to hit)
The blast of sand hits Grinder.
Grinder barely misses you.
Grinder blinks!
Press: ? - help, Shift-Dir - straight line, f/p - Grinder
Aim: Grinder (severely wounded, 81% to hit)
The blast of sand misses Grinder.
Grinder gestures at you. You resist with significant effort.
The giant cockroach closely misses you.
Your magical contamination has completely faded away.
Press: ? - help, Shift-Dir - straight line, f/p - Grinder
Aim: Grinder (severely wounded, 81% to hit)
The blast of sand misses Grinder.
Grinder misses you. The giant cockroach bites you.
* * * LOW HITPOINT WARNING * * *
Grinder gestures at you. Pain shoots through your body!
Ouch! That really hurt!
You die...
Grinder sighs, "Dead already?
I want a refund."

.##.......##.# #.#
........####.########.##
......#.# #...........#
..... #.################
...# #..........# ..
##########.# . #.# #5#
#@# #B# #.# # #.#
#####.##.# ....B.ยง..#
#####.#### .. ##


You could see Grinder and a giant cockroach.

Vanquished Creatures
  2 adders (D:2)
  A dart slug (D:1)
  An orc (D:3)
  4 bats
  4 endoplasms
  9 goblins
  A hobgoblin (D:1)
  2 quokkas
  6 ball pythons
  A frilled lizard (D:2)
  5 kobolds
  4 rats
40 creatures vanquished.

Notes
Turn   | Place    | Note
-------+----------+-------------------------------------------
     0 | D:1      | James the Deep Elf Earth Elementalist began the quest for
                  | the Orb.
     0 | D:1      | Reached XP level 1. HP: 10/10 MP: 6/6
   229 | D:1      | Reached XP level 2. HP: 11/16 MP: 6/8
   729 | D:2      | Reached XP level 3. HP: 20/20 MP: 6/9
   842 | D:2      | Reached skill level 4 in Earth Magic
   914 | D:2      | Reached skill level 1 in Fighting
   945 | D:2      | Found Idou's Jewellery Emporium.
  1516 | D:2      | Learned a level 3 spell: Stone Arrow
  1766 | D:3      | Noticed Grinder
  1778 | D:3      | Killed from afar by Grinder

Illustrated notes

Levels and vault maps discovered:
D:1:      noname_arrival_rooms_in_the_neighbourhood, layout_rooms
D:2:      layout_loops_ring, serial_shops, shop, minmay_misc_feat_square,
          grunt_ministairs_6
D:3:      layout_basic, kennysheep_orc_chapel, uniq_grinder, uniq_natasha,
          uniq_jessica, uniq_ijyb

Skill      XL: |  1  2  3 |
---------------+----------+-----
Earth Magic    | 4 |  4.2
Fighting       | 1 |  1.1
Dodging        | 3 |  3.0
Stealth        | |  2.4
Spellcasting   | |  3.6
Conjurations   | |  1.1

Action                     || total
---------------------------++-------
  Melee: Dagger            ||     1
   Cast: Sandblast         ||    54
 Armour: Robe              ||     6
  Dodge: Dodged            ||     7
